 Dungeon Crawl Stone Soup version 0.30-a0-782-ge64f9170bb (webtiles) character file.

Game seed: 13674868545668572258

252 112233 the Grave Robber (level 5, 0/38 HPs)
             Began as a Demonspawn Necromancer on Feb 25, 2023.
             Succumbed to an orc's poison
             ... on level 4 of the Dungeon.
             The game lasted 00:02:41 (2524 turns).

112233 the Grave Robber (Demonspawn Necromancer)    Turns: 2524, Time: 00:02:42

Health: 0/38       AC:  8    Str:  8    XL:     5   Next: 89%
Magic:  1/11       EV: 12    Int: 19    God:
Gold:   162        SH:  0    Dex: 10    Spells: 8/12 levels left

rFire   x . .      SeeInvis .    p - +7 dagger of Traps {venom, rElec rF- rCorr Dex-3}
rCold   . . .      Faith    .    (no shield)
rNeg    . . .      Spirit   +    a - +0 robe
rPois   .          Reflect  .    (no helmet)
rElec   +          Harm     .    (no cloak)
rCorr   +          Rampage  .    (no gloves)
Will    .....                    (no boots)
Stlth   +                        h - amulet of guardian spirit
HPRegen 0.26/turn                (no ring)
MPRegen 0.12/turn                (no ring)

@: lethally poisoned (0 -> -1), silenced, sanguine armoured
A: claws 1, powered by pain 1, sanguine armour 1, demonic magic 1, deterioration
1, electricity resistance, inability to read after injury 1
a: no special abilities


You were on level 4 of the Dungeon.
You visited 1 branch of the dungeon, and saw 4 of its levels.

You collected 162 gold pieces.

Inventory:

Hand Weapons
 b - a +0 club
 e - a +2 vampiric dagger
 p - the +7 dagger of Traps (weapon) {venom, rElec rF- rCorr Dex-3}
   (You found it on level 2 of the Dungeon)

   Dex:       It affects your dexterity (-3).
   rF:        It makes you vulnerable to fire.
   rElec:     It insulates you from electricity.
   rCorr:     It protects you from acid and corrosion.
Armour
 a - a +0 robe (worn)
Jewellery
 h - an amulet of guardian spirit (around neck)
Scrolls
 f - a scroll of acquirement {unknown}
 g - 3 scrolls of noise {unknown}
 i - a scroll of silence
 j - a scroll of blinking {unknown}
 k - a scroll of vulnerability {unknown}
 m - a scroll of fog {unknown}
 n - 2 scrolls of amnesia {unknown}
 o - a scroll of summoning {unknown}
 q - a scroll of identify {unknown}
 r - 3 scrolls of teleportation {unknown}
 s - a scroll of enchant armour {unknown}


   Skills:
 + Level 2.1 Fighting
 - Level 2.2 Dodging
 - Level 2.3 Stealth
 * Level 4.0 Spellcasting
 + Level 5.5 Necromancy


You had 8 spell levels left.
You knew the following spells:

 Your Spells              Type           Power      Damage    Failure   Level
a - Necrotise             Necr           96%        1d8       1%          1
b - Vampiric Draining     Necr           24%        2d7       4%          3

Your spell library contained the following spells:

 Spells                   Type           Power      Damage    Failure   Level
 Summon Small Mammal      Summ           12%        N/A       14%         1
 Animate Dead             Necr           24%        N/A       14%         4
 Agony                    Necr           24%        N/A       36%         5
 Call Canine Familiar     Summ           3%         N/A       38%         3
 Portal Projectile        Hex/Tloc       6%         N/A       38%         3
 Summon Guardian Golem    Hex/Summ       3%         N/A       38%         3
 Leda's Liquefaction      Hex/Erth       1%         N/A       80%         4


Dungeon Overview and Level Annotations

Branches:
Dungeon (3/15)

Altars:
Wu Jian

Shops:
D:1 =


Innate Abilities, Weirdness & Mutations

You have sharp fingernails.
You sometimes gain a little power by taking damage.
When seriously injured, your blood forms armour. (AC +6)
Spells you cast may paralyse adjacent enemies.
Your body sometimes deteriorates upon taking damage.
You are resistant to electric shocks. (rElec)
You occasionally lose the ability to read scrolls when taking damage.


Message History

Something hits you but does no damage.
Unknown command.
You puncture the orc!
You kill the orc!
You feel very sick. Something hits you but does no damage.
Unknown command.
You feel sick. Something hits you but does no damage.
Things that are here:
a +2 flail of venom; an orc corpse Unknown command.
You hit something.
You feel sick. Something hits you.
* * * LOW HITPOINT WARNING * * *
Unknown command.
You aren't carrying any potions.
Unknown command.
As you read the scroll labelled UXOSIM JIMU, it crumbles to dust.
A profound silence engulfs you.
It was a scroll of silence.
* * * LOW HITPOINT WARNING * * *
You feel sick. Something hits you but does no damage.
Unknown command.
You hit something.
You feel sick. Something hits you.
* * * LOW HITPOINT WARNING * * *
You hit something. Your claw misses something.
* * * LOW HITPOINT WARNING * * *
You feel sick. Something hits you but does no damage.
You miss something.
* * * LOW HITPOINT WARNING * * *
You feel sick.
An orc wizard appears from thin air!
Reactivating autopickup.
The orc wizard hits you but does no damage.
You closely miss the orc wizard.
The orc wizard is almost dead.
* * * LOW HITPOINT WARNING * * *
You feel sick.
The orc wizard hits you with a +0 dagger.
* * * LOW HITPOINT WARNING * * *
You barely miss the orc wizard.
The orc wizard is almost dead.
You die...

................
...##......... ##
.#..#....... .#
.......##.# #.# #
#.........##### .. .##
##.#...##.....## .##....
.....#....###..###.(....#
..#>.###..##...)o))......
.............#..@).......
....#........#####.......
..###........ ....... .##
#........ ....... .#
#........ ..#.... .# ....
..####. .# ..# ...


You could see an orc wizard (very poisoned).

Vanquished Creatures
  Pargi (D:3)
  An orc priest (D:4)
  An orc wizard (D:4)
  4 adders (D:2)
  A worm (D:2)
  2 dart slugs
  8 orcs
  2 endoplasms (D:1)
  6 goblins
  2 hobgoblins
  5 quokkas
  8 ball pythons
  4 bats
  A frilled lizard (D:2)
  3 kobolds
  6 rats
55 creatures vanquished.

Vanquished Creatures (collateral kills)
  A hobgoblin (D:3)
1 creature vanquished.

Grand Total: 56 creatures vanquished

Notes
Turn   | Place    | Note
-------+----------+-------------------------------------------
     0 | D:1      | 112233 the Demonspawn Necromancer began the quest for the
                  | Orb.
     0 | D:1      | Reached XP level 1. HP: 13/13 MP: 3/3
   168 | D:1      | Gained mutation: Spells you cast may paralyse adjacent
                  | enemies. [demonic ancestry]
   168 | D:1      | Reached XP level 2. HP: 10/19 MP: 0/5
   341 | D:1      | Found Sauvubuw's Jewellery Shop.
   967 | D:2      | Gained mutation: You have sharp fingernails. [demonic
                  | ancestry]
   967 | D:2      | Reached XP level 3. HP: 24/24 MP: 0/6
  1305 | D:2      | Learned a level 3 spell: Vampiric Draining
  1693 | D:2      | Identified the +7 dagger of Traps {venom, rElec rF- rCorr
                  | Dex-3}
  1772 | D:2      | Found an ornate altar of the Wu Jian Council.
  1791 | D:2      | Reached skill level 5 in Necromancy
  1791 | D:2      | Gained mutation: You sometimes gain a little power by
                  | taking damage. [demonic ancestry]
  1791 | D:2      | Reached XP level 4. HP: 31/31 MP: 8/8
  2185 | D:3      | Noticed Pargi
  2192 | D:3      | Killed Pargi
  2193 | D:3      | Reached skill level 1 in Fighting
  2193 | D:3      | Gained mutation: When seriously injured, your blood forms
                  | armour. (AC +6) [demonic ancestry]
  2193 | D:3      | Reached XP level 5. HP: 38/38 MP: 2/10
  2369 | D:3      | Found a faded altar of an unknown god.
  2465 | D:3      | You fall into a shaft and drop 1 floor!
  2500 | D:4      | Gained mutation: Your body sometimes deteriorates upon
                  | taking damage. [potion of mutation]
  2500 | D:4      | Gained mutation: You occasionally lose the ability to read
                  | scrolls when taking damage. [potion of mutation]
  2500 | D:4      | Gained mutation: You are resistant to electric shocks.
                  | (rElec) [potion of mutation]
  2523 | D:4      | HP: 1/38 [orc wizard/+0 dagger (1)]
  2524 | D:4      | Succumbed to an orc's poison

Illustrated notes

Levels and vault maps discovered:
D:1:      onia_arrival_handbag, layout_loops_ring, serial_shops, shop,
          dk_noncrumbling_4
D:2:      layout_basic, basic_altar
D:3:      layout_rooms, mainiacjoe_overflow_big_doors,
          shapermc_ecumenical_altar_flowoftime, uniq_pargi
D:4:      layout_rooms, temple_fountains

Skill      XL: |  1  2  3  4  5 |
---------------+----------------+-----
Dodging        | 2 |  2.2
Stealth        | 2 |  2.3
Necromancy     | 5 |  5.5
Spellcasting   | 3 4 |  4.0
Fighting       | 1 2 |  2.1

Action                     |  1- 3 |  4- 6 || total
---------------------------+-------+-------++-------
  Melee: Unarmed           |    11 |       ||    11
         Dagger            |     3 |    27 ||    30
   Cast: Necrotise         |    58 |    29 ||    87
         Vampiric Draining |       |     4 ||     4
    Use: Potion            |     1 |     4 ||     5
         Scroll            |       |     1 ||     1
   Stab: Paralysed         |     2 |     4 ||     6
         Sleeping          |     1 |       ||     1
 Armour: Robe              |     2 |    19 ||    21
  Dodge: Dodged            |    11 |    30 ||    41

Table legend: (Time is in decaauts)
 A = Elapsed time spent in this place.
 B = Non-inter-level travel time spent in this place.
 C = Inter-level travel time spent in this place.
 D = Time resting spent in this place.
 E = Time spent auto-exploring this place.
 F = Levels seen in this place.
 G = Mean time per level.
                   A        B        C        D        E       F      G
               +--------+--------+--------+--------+--------+-----+--------+
         Total |   2522 |   2447 |     75 |      0 |   2105 |   4 |  630.5 |
       Dungeon |   2522 |   2447 |     75 |      0 |   2105 |   4 |  630.5 |
               +--------+--------+--------+--------+--------+-----+--------+

Top non-repeatable levels by time:
     D:2: 1111 daAuts
     D:1: 924 daAuts
     D:3: 427 daAuts
     D:4: 58 daAuts
